BSA
TORONTO TITANS @ SEATTLE PIKES
05/31/2024
 
TOP OF THE 1ST
Toronto Titans batting - Pitching for Seattle Pikes : RHP Jesse Little
Pitching: RHP Jesse Little
Batting: SHB Ryobe Yamamoto 0-0: Fly out, F9 (Flyball, 89M)
Batting: LHB Anacleto Morillo 0-0: Ball
1-0: Foul Ball, location: 2F
1-1: Called Strike
1-2: Fly out, F5 (Popup, 5DF)
Batting: LHB Jorge Martínez 0-0: Ball
1-0: Ball
2-0: Foul Ball, location: 2F
2-1: Swinging Strike
2-2: Ball
3-2: Foul Ball, location: 2F
3-2: Ground out 6-3 (Groundball, 6M)
Top of the 1st over - 0 run(s), 0 hit(s), 0 error(s), 0 left on base; Toronto 0 - Seattle 0
BOTTOM OF THE 1ST
Seattle Pikes batting - Pitching for Toronto Titans : LHP Carlos Tavárez
Pitching: LHP Carlos Tavárez
Batting: RHB Randy Sheppard 0-0: Ball
1-0: SOLO HOME RUN (Flyball, 7D), Distance : 393 ft
Batting: RHB John Anderson 0-0: Called Strike
0-1: Ground out 5-3 (Groundball, 56)
Batting: RHB António Ortega 0-0: SINGLE (Line Drive, 7LS)
Batting: RHB Manuel Rico 0-0: Called Strike
0-1: Swinging Strike
0-2: Ball
1-2: Foul Ball, location: 2F
1-2: DOUBLE (Groundball, 5L)
António Ortega to third
Batting: RHB Lorenzo Ayala 0-0: DOUBLE (Groundball, 5L)
António Ortega scores
Manuel Rico scores
Batting: SHB Jong-min Kim 0-0: Ball
Lorenzo Ayala steals 3rd base
1-0: Ball
2-0: Foul Ball, location: 2F
2-1: Ball
3-1: Called Strike
Steal of home, Lorenzo Ayala is out
3-2: Base on Balls
Batting: LHB Javier Escobedo 0-0: Called Strike
0-1: Ball
1-1: Foul Ball, location: 2F
1-2: Strikes out swinging
Bottom of the 1st over - 3 run(s), 4 hit(s), 0 error(s), 1 left on base; Toronto 0 - Seattle 3
TOP OF THE 2ND
Toronto Titans batting - Pitching for Seattle Pikes : RHP Jesse Little
Batting: LHB José Rodríguez 0-0: Ball
1-0: Called Strike
1-1: Ball
2-1: Foul Ball, location: 2F
2-2: Foul Ball, location: 2F
2-2: Strikes out swinging
Batting: RHB Matt Doyle 0-0: Ball
1-0: Called Strike
1-1: Called Strike
1-2: Fly out, F8 (Popup, 4MD)
Batting: RHB Gilberto López 0-0: Called Strike
0-1: Called Strike
0-2: Ball
1-2: Strikes out swinging
Top of the 2nd over - 0 run(s), 0 hit(s), 0 error(s), 0 left on base; Toronto 0 - Seattle 3
BOTTOM OF THE 2ND
Seattle Pikes batting - Pitching for Toronto Titans : LHP Carlos Tavárez
Batting: RHB George Howard 0-0: Ball
1-0: Swinging Strike
Error on foul ball, E5
1-2: Ball
2-2: Ball
3-2: Ground out 6-3 (Groundball, 6M)
Batting: RHB Naomi Kitamura 0-0: Ground out 6-3 (Groundball, 6)
Batting: RHB Randy Sheppard 0-0: Called Strike
0-1: Ground out 6-3 (Groundball, 6)
Bottom of the 2nd over - 0 run(s), 0 hit(s), 1 error(s), 0 left on base; Toronto 0 - Seattle 3
TOP OF THE 3RD
Toronto Titans batting - Pitching for Seattle Pikes : RHP Jesse Little
Batting: RHB David Murray 0-0: Ball
1-0: Ball
2-0: Ground out 5-3 (Groundball, 56)
Batting: RHB Manuel González 0-0: Ground out 5-3 (Groundball, 56)
Batting: LHB Pedro Padilla 0-0: Called Strike
0-1: Ball
1-1: Called Strike
1-2: Foul Ball, location: 2F
1-2: Ball
2-2: Foul Ball, location: 2F
2-2: Ball
3-2: Fly out, F6 (Popup, 56D)
Top of the 3rd over - 0 run(s), 0 hit(s), 0 error(s), 0 left on base; Toronto 0 - Seattle 3
BOTTOM OF THE 3RD
Seattle Pikes batting - Pitching for Toronto Titans : LHP Carlos Tavárez
Batting: RHB John Anderson 0-0: Ball
1-0: Ball
2-0: Foul Ball, location: 2F
2-1: Foul Ball, location: 2F
2-2: Ball
3-2: Foul Ball, location: 2F
3-2: SINGLE (Groundball, 56)
Batting: RHB António Ortega 0-0: Ball
1-0: Ball
2-0: Ball
3-0: Called Strike
3-1: Foul Ball, location: 2F
3-2: Fly out, F9 (Flyball, 9D)
Batting: RHB Manuel Rico 0-0: Called Strike
0-1: Ball
1-1: Ball
2-1: Grounds into double play, 5-4-3 (Groundball, 6)
Bottom of the 3rd over - 0 run(s), 1 hit(s), 0 error(s), 0 left on base; Toronto 0 - Seattle 3
TOP OF THE 4TH
Toronto Titans batting - Pitching for Seattle Pikes : RHP Jesse Little
Batting: SHB Ryobe Yamamoto 0-0: Foul Ball, location: 2F
0-1: Called Strike
0-2: Strikes out looking
Batting: LHB Anacleto Morillo 0-0: Ball
1-0: Ball
2-0: Called Strike
2-1: Foul Ball, location: 2F
2-2: Foul Ball, location: 2F
2-2: Fly out, F7 (Flyball, 78D)
Batting: LHB Jorge Martínez 0-0: Called Strike
0-1: Swinging Strike
0-2: Ball
1-2: Foul Ball, location: 2F
1-2: Ball
2-2: Strikes out swinging
Top of the 4th over - 0 run(s), 0 hit(s), 0 error(s), 0 left on base; Toronto 0 - Seattle 3
BOTTOM OF THE 4TH
Seattle Pikes batting - Pitching for Toronto Titans : LHP Carlos Tavárez
Batting: RHB Lorenzo Ayala 0-0: Ground out 5-3 (Groundball, 56)
Batting: SHB Jong-min Kim 0-0: Ball
1-0: Ball
2-0: Foul Ball, location: 2F
2-1: Foul Ball, location: 2F
2-2: Ball
3-2: Foul Ball, location: 2F
3-2: Base on Balls
Batting: LHB Javier Escobedo 0-0: Called Strike
0-1: Ball
1-1: Ball
2-1: Fielders Choice at 2nd, U6 (Groundball, 6M)
Batting: RHB George Howard 0-0: Called Strike
0-1: Swinging Strike
0-2: Strikes out swinging
Bottom of the 4th over - 0 run(s), 0 hit(s), 0 error(s), 1 left on base; Toronto 0 - Seattle 3
TOP OF THE 5TH
Toronto Titans batting - Pitching for Seattle Pikes : RHP Jesse Little
Batting: LHB José Rodríguez 0-0: Ball
1-0: Ball
2-0: Ball
3-0: Called Strike
3-1: Foul Ball, location: 2F
3-2: Strikes out swinging
Batting: RHB Matt Doyle 0-0: Ball
1-0: Ball
2-0: Ball
3-0: Base on Balls
Batting: RHB Gilberto López 0-0: Swinging Strike
0-1: Foul Ball, location: 2F
0-2: Fly out, F9 (Flyball, 9M)
Batting: RHB David Murray 0-0: Ball
1-0: Ground out 5-3 (Groundball, 56S)
Top of the 5th over - 0 run(s), 0 hit(s), 0 error(s), 1 left on base; Toronto 0 - Seattle 3
BOTTOM OF THE 5TH
Seattle Pikes batting - Pitching for Toronto Titans : LHP Carlos Tavárez
Batting: RHB Naomi Kitamura 0-0: Called Strike
0-1: Fly out, F9 (Flyball, 9D)
Batting: RHB Randy Sheppard 0-0: Called Strike
0-1: Ball
1-1: Fly out, F9 (Flyball, 89M)
Batting: RHB John Anderson 0-0: Ball
1-0: Ball
2-0: Ground out 6-3 (Groundball, 6)
Bottom of the 5th over - 0 run(s), 0 hit(s), 0 error(s), 0 left on base; Toronto 0 - Seattle 3
TOP OF THE 6TH
Toronto Titans batting - Pitching for Seattle Pikes : RHP Jesse Little
Batting: RHB Manuel González 0-0: Ball
1-0: Ball
2-0: Called Strike
2-1: Called Strike
2-2: Foul Ball, location: 2F
2-2: Ball
3-2: Foul Ball, location: 2F
3-2: Fly out, F9 (Flyball, 9M)
Batting: LHB Pedro Padilla 0-0: Foul Ball, location: 2F
0-1: Ball
1-1: Foul Ball, location: 2F
1-2: Ball
2-2: Ball
3-2: Foul Ball, location: 2F
3-2: Foul Ball, location: 2F
3-2: Strikes out swinging
Batting: SHB Ryobe Yamamoto 0-0: Foul Ball, location: 2F
0-1: Ball
1-1: Fly out, F7 (Flyball, 7LM)
Top of the 6th over - 0 run(s), 0 hit(s), 0 error(s), 0 left on base; Toronto 0 - Seattle 3
BOTTOM OF THE 6TH
Seattle Pikes batting - Pitching for Toronto Titans : LHP Carlos Tavárez
Batting: RHB António Ortega 0-0: Called Strike
0-1: Swinging Strike
0-2: Ball
1-2: SINGLE (Line Drive, 56D)
Batting: RHB Manuel Rico 0-0: Swinging Strike
0-1: Called Strike
0-2: Foul Ball, location: 2F
0-2: Grounds into double play, 6-4-3 (Groundball, 6)
Batting: RHB Lorenzo Ayala 0-0: Ball
1-0: Foul Ball, location: 2F
1-1: SINGLE (Groundball, 6) (infield hit)
Batting: SHB Jong-min Kim 0-0: Called Strike
0-1: Ball
1-1: Foul Ball, location: 2F
1-2: Ball
Lorenzo Ayala steals 2nd base
2-2: Foul Ball, location: 2F
2-2: Ball
3-2: Ground out 2-3 (Groundball, 2R)
Bottom of the 6th over - 0 run(s), 2 hit(s), 0 error(s), 1 left on base; Toronto 0 - Seattle 3
TOP OF THE 7TH
Toronto Titans batting - Pitching for Seattle Pikes : RHP Jesse Little
Batting: LHB Anacleto Morillo 0-0: Called Strike
0-1: Foul Ball, location: 2F
0-2: Ball
1-2: Strikes out swinging
Batting: LHB Jorge Martínez 0-0: Called Strike
0-1: Foul Ball, location: 2F
0-2: Ball
1-2: Ball
2-2: Foul Ball, location: 2F
2-2: Foul Ball, location: 2F
2-2: Foul Ball, location: 2F
2-2: Foul Ball, location: 2F
2-2: Ball
3-2: Foul Ball, location: 2F
3-2: Fly out, F9 (Flyball, 89XD)
Batting: LHB José Rodríguez 0-0: Ball
1-0: Foul Ball, location: 2F
1-1: Swinging Strike
1-2: Strikes out looking
Top of the 7th over - 0 run(s), 0 hit(s), 0 error(s), 0 left on base; Toronto 0 - Seattle 3
BOTTOM OF THE 7TH
Seattle Pikes batting - Pitching for Toronto Titans : LHP Carlos Tavárez
Batting: LHB Javier Escobedo 0-0: Ground out 3-1 (Groundball, 34)
Batting: RHB George Howard 0-0: Ball
1-0: Called Strike
1-1: Ball
2-1: Swinging Strike
2-2: Strikes out swinging
Batting: RHB Naomi Kitamura 0-0: Called Strike
0-1: Swinging Strike
0-2: Strikes out swinging
Bottom of the 7th over - 0 run(s), 0 hit(s), 0 error(s), 0 left on base; Toronto 0 - Seattle 3
TOP OF THE 8TH
Toronto Titans batting - Pitching for Seattle Pikes : RHP Jesse Little
Batting: RHB Matt Doyle 0-0: Ball
1-0: Foul Ball, location: 2F
1-1: Ground out 5-3 (Groundball, 5)
Batting: RHB Gilberto López 0-0: Ball
1-0: Ball
2-0: Ball
3-0: Fly out, F6 (Popup, 6D)
Batting: RHB David Murray 0-0: Ball
1-0: Fly out, F7 (Flyball, 7M)
Top of the 8th over - 0 run(s), 0 hit(s), 0 error(s), 0 left on base; Toronto 0 - Seattle 3
BOTTOM OF THE 8TH
Seattle Pikes batting - Pitching for Toronto Titans : LHP Carlos Tavárez
Batting: RHB Randy Sheppard 0-0: Ground out 1-3 (Groundball, 15)
Batting: RHB John Anderson 0-0: Ball
1-0: Foul Ball, location: 2F
1-1: Foul Ball, location: 2F
1-2: Fly out, F9 (Flyball, 9D)
Batting: RHB António Ortega 0-0: Called Strike
0-1: Ball
1-1: Ground out 1-3 (Groundball, 13S)
Bottom of the 8th over - 0 run(s), 0 hit(s), 0 error(s), 0 left on base; Toronto 0 - Seattle 3
TOP OF THE 9TH
Toronto Titans batting - Pitching for Seattle Pikes : RHP Jesse Little
Batting: RHB Manuel González 0-0: Called Strike
0-1: Called Strike
0-2: Ball
1-2: Ball
2-2: DOUBLE (Line Drive, 78XD)
Pitching: RHP José Salinas
Batting: LHB Pedro Padilla 0-0: Called Strike
0-1: DOUBLE (Flyball, 7LM)
Manuel González scores
Batting: SHB Ryobe Yamamoto 0-0: Swinging Strike
0-1: Ball
1-1: Foul Ball, location: 2F
1-2: Ball
2-2: Ground out U3 (Groundball, 3)
Pedro Padilla to third
Batting: LHB Anacleto Morillo 0-0: Called Strike
0-1: Called Strike
0-2: Ball
1-2: Fly out, F4 (Line Drive, 4)
Batting: LHB Jorge Martínez 0-0: Foul Ball, location: 2F
0-1: Called Strike
0-2: Ball
1-2: Ball
2-2: Ground out 6-3 (Groundball, 6M)
Top of the 9th over - 1 run(s), 2 hit(s), 0 error(s), 1 left on base; Toronto 1 - Seattle 3
This league is powered by Out of the Park Baseball, the baseball management simulation game for PC, Mac and Linux
Saturday, April 9th, 2016 - OOTP Baseball 16.8 Build 38